Map: At Eternity's Edge LE

Players

Lambo - Winner!

  • Race: Zerg Zerg

A.I. 1 (Very Easy)

  • Race: Protoss Protoss

VOD

Have the link to the VOD?

Description

Time

  • Played on: Aug. 13, 2026, 3:19 p.m.
  • Length: 7:28
Show
View Real Time Build Order
Export as new Build Order

Lambo Zerg - Winner!

Build Orders: Hatch First 

Get SALT Encoding   

  8  0:00  Drone  
  9  0:10  Drone  
  10  0:16  Drone  
  11  0:26  Overlord  
  11  0:31  Drone  
  12  0:45  Drone x2  
  14  0:50  Drone  
  15  1:01  Drone  
  16  1:13  Hatchery  
  16  1:17  Drone  
  16  1:20  Drone  
  17  1:31  Drone  
  18  1:36  Extractor  
  18  1:39  Spawning Pool  
  16  1:43  Drone  
  17  1:49  Drone  
  18  2:01  Drone  
  19  2:12  Overlord  
  19  2:20  Drone  
  20  2:26  Queen x2  
  24  2:31  Drone x2  
  24  2:36  Drone  
  27  2:38  Metabolic Boost  
  27  2:42  Zergling x2  
  28  2:45  Drone  
  28  2:50  Drone  
  30  2:56  Drone  
  31  3:00  Overlord  
  31  3:05  Drone  
  32  3:14  Hatchery  
  32  3:15  Drone  
  32  3:18  Overlord  
  32  3:21  Drone  
  32  3:25  Drone  
  34  3:29  Drone  
  34  3:34  Drone  
  36  3:35  Zergling x2  
  36  3:36  Zergling x6  
  36  3:37  Zergling x2  
  36  3:40  Drone  
  42  3:43  Queen  
  42  3:46  Overlord  
  44  3:51  Drone x2  
  46  3:56  Queen  
  48  4:06  Drone x5  
  48  4:09  Overlord  
  53  4:12  Overlord  
  53  4:14  Drone  
  54  4:18  Drone x2  
  55  4:25  Lair  
  55  4:26  Drone x2  
  55  4:27  Drone  
  55  4:29  Extractor  
  55  4:31  Extractor  
  56  4:34  Spore Crawler  
  56  4:36  Drone x3  
  58  4:39  Drone x2  
  58  4:42  Spore Crawler  
  58  4:44  Drone  
  60  4:48  Drone x3  
  63  4:53  Overlord  
  63  4:55  Drone x3  
  63  4:59  Drone x2  
  68  5:06  Extractor x2  
  66  5:07  Drone  
  66  5:09  Drone x3  
  66  5:12  Drone  
  66  5:13  Drone  
  66  5:14  Overlord x2  
  72  5:16  Spore Crawler  
  72  5:17  Zergling x2  
  72  5:22  Hydralisk Den  
  72  5:23  Zergling x4  
  72  5:25  Pneumatized Carapace  
  72  5:27  Overseer  
  73  5:32  Overlord  
  73  5:33  Zergling x8  
  77  5:38  Overlord  
  77  5:40  Zergling x6  
  80  5:46  Overlord  
  80  5:56  Hydralisk  
  80  5:57  Hydralisk x6  
  80  5:58  Grooved Spines  
  94  6:06  Hydralisk  
  94  6:07  Hydralisk x2  
  94  6:11  Hydralisk  
  100  6:12  Overlord  
  100  6:15  Hydralisk  
  100  6:17  Hydralisk  
  106  6:19  Zergling x4  
  106  6:25  Hydralisk x2  
  112  6:30  Hydralisk  
  114  6:33  Hydralisk  
  114  6:36  Hydralisk  
  114  6:38  Zergling x10  
  123  6:42  Overlord  
  123  6:43  Overlord  
  123  7:00  Overlord  
  123  7:01  Hydralisk x4  
  123  7:03  Zergling x10  
  123  7:04  Hydralisk  
Show
View Real Time Build Order
Export as new Build Order

A.I. 1 (Very Easy) Protoss 

Build Orders:  

Get SALT Encoding   

  8  0:00  Probe  
  9  0:13  Probe  
  10  0:25  Probe  
  11  0:37  Probe  
  12  0:48  Pylon  
  12  0:49  Probe  
  13  1:02  Probe  
  13  1:06  Assimilator  
  14  1:12  Gateway  
  14  1:16  Pylon  
  14  1:46  Assimilator  
  14  1:55  Probe  
  15  2:02  Zealot  
  15  2:03  Probe  
  15  2:04  Cybernetics Core  
  18  2:11  Probe  
  19  2:21  Probe  
  20  2:30  Warp Gate  
  20  2:33  Probe  
  20  2:36  Pylon  
  21  2:45  Probe  
  22  3:19  Stalker  
  24  4:05  Probe  
  24  4:15  Probe  
  24  5:31  Probe  
  24  5:44  Probe  
  24  6:43  Probe  
  23  6:52  Probe  
  24  6:56  Stalker  
  22  7:03  Probe  
Tags
 
Add a new tag
Caveats
  • Supply blocks, unpowered buildings, or Contaminate may cause inaccurate times.
  • Supply counts are checked every 10 seconds.